 Dungeon Crawl Stone Soup version 0.27-a0-1084-g78b3836a5f (webtiles) character file.

Game seed: 14974175306889223559

102 senseless the Magician (level 4, -1/32 HPs)
             Began as a Gnoll Wanderer on Apr 26, 2021.
             Was an Initiate of Vehumet.
             Slain by Grinder (3 damage)
             ... while paralysed by Grinder
             ... on level 3 of the Dungeon.
             The game lasted 00:09:29 (3011 turns).

senseless the Magician (Gnoll Wanderer)             Turns: 3011, Time: 00:09:30

Health: -1/32      AC:  3    Str:  8    XL:     4   Next: 78%
Magic:  1/11       EV:  2    Int: 15    God:    Vehumet [......]
Gold:   137        SH:  0    Dex: 12    Spells: 11/13 levels left

rFire    . . .     SeeInvis .   l - staff of poison
rCold    . . .     Faith    .   (no shield)
rNeg     . . .     Spirit   .   d - +0 robe
rPois    +         Reflect  .   g - +0 helmet
rElec    .         Harm     .   (no cloak)
rCorr    .         Rampage  .   (no gloves)
Will     .....                  (no boots)
Stlth    ++........             (no amulet)
HPRegen  0.10/turn              j - +4 ring of evasion
MPRegen  0.12/turn              (no ring)

@: paralysed
A: fangs 1, strong nose, distributed training
a: Renounce Religion


You were on level 3 of the Dungeon.
You worshipped Vehumet.
Vehumet was noncommittal.
You visited 1 branch of the dungeon, and saw 3 of its levels.

You collected 137 gold pieces.

Inventory:

Hand Weapons
 a - a +0 dagger
 h - a +1 vampiric short sword
Missiles
 c - 11 boomerangs (quivered)
 o - 4 curare-tipped darts
Armour
 d - a +0 robe (worn)
 g - a +0 helmet (worn)
Magical Staves
 l - a staff of poison (weapon)
Jewellery
 j - a +4 ring of evasion (left hand)
Wands
 n - a wand of flame (21)
Potions
 b - 2 potions of lignification
 e - a potion of berserk rage {unknown}
 f - a potion of heal wounds
 i - a potion of flight {unknown}
 k - 2 potions of attraction {unknown}
 m - a potion of might {unknown}


   Skills:
 + Level 1.2 Fighting
 + Level 1.2 Short Blades
 + Level 1.2 Long Blades
 + Level 1.2 Axes
 + Level 1.2 Maces & Flails
 + Level 1.2 Polearms
 + Level 1.2 Staves
 + Level 1.2 Slings
 + Level 1.2 Bows
 + Level 1.2 Crossbows
 + Level 4.7 Throwing
 + Level 1.2 Armour
 + Level 1.2 Dodging
 + Level 1.2 Stealth
 + Level 1.2 Shields
 + Level 1.2 Unarmed Combat
 + Level 5.1 Spellcasting
 + Level 2.3 Conjurations
 + Level 1.0 Hexes
 + Level 3.9 Summonings
 + Level 3.9 Necromancy
 + Level 1.0 Translocations
 + Level 1.0 Transmutations
 + Level 1.0 Fire Magic
 + Level 1.0 Ice Magic
 + Level 1.0 Air Magic
 + Level 1.0 Earth Magic
 + Level 2.3 Poison Magic
 + Level 1.3 Invocations
 + Level 1.2 Evocations


You had 11 spell levels left.
You knew the following spells:

 Your Spells              Type           Power      Damage    Failure   Level
a - Magic Dart            Conj           40%        1d5       6%          1
b - Pain                  Necr           60%        1d7       3%          1

Your spell library contained the following spells:

 Spells                   Type           Power      Damage    Failure   Level
 Animate Skeleton         Necr           30%        N/A       3%          1
 Call Imp                 Summ           15%        N/A       4%          2
 Foxfire                  Conj/Fire      32%        2x1d5     9%          1
 Vampiric Draining        Necr           7%         2d7       10%         3
 Blink                    Tloc           N/A        N/A       16%         2
 Slow                     Hex            6%         N/A       16%         2
 Mephitic Cloud           Conj/Pois/Air  14%        N/A       22%         3
 Conjure Flame            Conj/Fire      8%         6-21      24%         3
 Dazzling Flash           Conj/Hex       16%        N/A       24%         3
 Animate Dead             Necr           7%         N/A       32%         4
 Agony                    Necr           15%        N/A       65%         5


Dungeon Overview and Level Annotations

Branches:
Dungeon (3/15)

Altars:
Elyvilon
Fedhas
Kikubaaqudgha
Sif Muna
Vehumet

Shops:
D:1 [

Annotations:
D:3 Grinder


Innate Abilities, Weirdness & Mutations

You have very sharp teeth.
Your uncanny sense of smell can sniff out nearby items.
Your experience applies equally to all skills.


Message History

Casting: Magic Dart (safe; 6% risk of failure)
Confirm with . or Enter, or press ? or * to list all spells.
Aiming: Magic Dart (safe; 6% risk of failure)
Press: ? - help, Shift-Dir - straight line, f/p - Grinder
Aim: Grinder (moderately wounded, 100% to hit)
The magic dart hits Grinder.
Grinder is moderately wounded.
Grinder blinks!
Casting: Magic Dart (safe; 6% risk of failure)
Confirm with . or Enter, or press ? or * to list all spells.
Aiming: Magic Dart (safe; 6% risk of failure)
Press: ? - help, Shift-Dir - straight line, f/p - Grinder
Aim: Grinder (moderately wounded, 100% to hit)
The magic dart hits Grinder.
Grinder is moderately wounded.
Casting: Magic Dart (safe; 6% risk of failure)
Confirm with . or Enter, or press ? or * to list all spells.
Aiming: Magic Dart (safe; 6% risk of failure)
Press: ? - help, Shift-Dir - straight line, f/p - Grinder
Aim: Grinder (moderately wounded, 100% to hit)
The magic dart hits Grinder.
Grinder is heavily wounded.
Grinder misses you.
You completely miss Grinder. You bite Grinder, but do no damage.
Grinder is heavily wounded.
Grinder gestures at you. Pain shoots through your body!
You barely miss Grinder. You bite Grinder, but do no damage.
Grinder is heavily wounded.
Grinder gestures at you.
You suddenly lose the ability to move!
Grinder hits you.
You writhe in agony.
Grinder hits you!
* * * LOW HITPOINT WARNING * * *
You writhe in agony.
* * * LOW HITPOINT WARNING * * *
Grinder hits you.
* * * LOW HITPOINT WARNING * * *
You writhe in agony.
You die...

#######
..))..#############
####............@5#
#### #
####....#######.......
..... ###8###...#
####... .....
..#§§§##..########## #
# #.
.##§§§≈##...........
#.#..##.
###...≈≈#..###.#.###
.......
#8_....'..###.#.#
#..##.
###..§§§#.###....#
#..##.
.##..§≈##.###....##
#.....


You could see Grinder.

Vanquished Creatures
  An orc wizard (D:3)
  2 adders (D:2)
  2 dart slugs
  4 orcs (D:3)
  An endoplasm (D:1)
  A giant cockroach (D:1)
  7 goblins
  4 hobgoblins
  6 jackals (D:1)
  10 kobolds
  A quokka (D:1)
  A ball python (D:1)
  5 bats
  A frilled lizard (D:2)
  2 rats (D:1)
48 creatures vanquished.

Notes
Turn   | Place    | Note
-------+----------+-------------------------------------------
     0 | D:1      | senseless the Gnoll Wanderer began the quest for the Orb.
     0 | D:1      | senseless set off with the following items: a +0 dagger, a
                  | potion of lignification, a +0 robe; and the following
                  | spells available to memorise: Call Imp, Magic Dart,
                  | Foxfire, Blink, Slow, Mephitic Cloud, Conjure Flame,
                  | Dazzling Flash
     0 | D:1      | Reached XP level 1. HP: 13/13 MP: 6/6
     2 | D:1      | Learned a level 1 spell: Magic Dart
   206 | D:1      | Found Hyhaphelij's Armour Emporium.
   259 | D:1      | Reached XP level 2. HP: 16/19 MP: 3/7
   834 | D:1      | Reached XP level 3. HP: 25/25 MP: 9/9
  1056 | D:1      | Reached skill level 5 in Spellcasting
  1515 | D:2      | Reached skill level 1 in Invocations
  1722 | D:2      | Found a faded altar of an unknown god.
  1726 | D:2      | Became a worshipper of Elyvilon the Healer
  1726 | D:2      | Reached * piety under Elyvilon
  1727 | D:2      | Fell from the grace of Elyvilon
  1768 | D:2      | Reached skill level 1 in Fighting
  1768 | D:2      | Reached skill level 1 in Short Blades
  1768 | D:2      | Reached skill level 1 in Long Blades
  1768 | D:2      | Reached skill level 1 in Axes
  1768 | D:2      | Reached skill level 1 in Maces & Flails
  1768 | D:2      | Reached skill level 1 in Polearms
  1768 | D:2      | Reached skill level 1 in Staves
  1768 | D:2      | Reached skill level 1 in Slings
  1768 | D:2      | Reached skill level 1 in Bows
  1768 | D:2      | Reached skill level 1 in Crossbows
  1768 | D:2      | Reached skill level 1 in Armour
  1768 | D:2      | Reached skill level 1 in Dodging
  1768 | D:2      | Reached skill level 1 in Stealth
  1768 | D:2      | Reached skill level 1 in Shields
  1768 | D:2      | Reached skill level 1 in Unarmed Combat
  1768 | D:2      | Reached skill level 1 in Evocations
  1877 | D:2      | Reached XP level 4. HP: 32/32 MP: 11/11
  2211 | D:2      | Found an ancient bone altar of Kikubaaqudgha.
  2455 | D:3      | Reached skill level 1 in Hexes
  2455 | D:3      | Reached skill level 1 in Translocations
  2455 | D:3      | Reached skill level 1 in Transmutations
  2455 | D:3      | Reached skill level 1 in Fire Magic
  2455 | D:3      | Reached skill level 1 in Ice Magic
  2455 | D:3      | Reached skill level 1 in Air Magic
  2455 | D:3      | Reached skill level 1 in Earth Magic
  2554 | D:3      | Learned a level 1 spell: Pain
  2948 | D:3      | Found a blossoming altar of Fedhas.
  2948 | D:3      | Found a radiant altar of Vehumet.
  2948 | D:3      | Found a shimmering blue altar of Sif Muna.
  2962 | D:3      | Became a worshipper of Vehumet
  2977 | D:3      | Noticed Grinder
  2981 | D:3      | Paralysed by Grinder for 5 turns
  2996 | D:3      | Paralysed by Grinder for 6 turns
  3008 | D:3      | Paralysed by Grinder for 5 turns
  3011 | D:3      | Slain by Grinder

Illustrated notes

Levels and vault maps discovered:
D:1:      matt_arrival_grand_opening, layout_basic, serial_shops, shop
D:2:      layout_basic, ebering_ecumenical_altar_box, basic_altar
D:3:      layout_loops_ring, gammafunk_temple_overflow_claw,
          gammafunk_temple_overflow_wave, serial_rivers,
          chequers_serial_rivers_small_3, chequers_serial_rivers_micro_b,
          chequers_serial_rivers_small_b, chequers_serial_rivers_small_3,
          chequers_serial_rivers_micro_a, uniq_grinder

Skill      XL: |  1  2  3  4 |
---------------+-------------+-----
Conjurations   | 2 |  2.3
Poison Magic   | 2 |  2.3
Spellcasting   | 5 |  5.1
Invocations    | 1 |  1.3
Fighting       | 1 |  1.2
Short Blades   | 1 |  1.2
Long Blades    | 1 |  1.2
Axes           | 1 |  1.2
Maces & Flails | 1 |  1.2
Polearms       | 1 |  1.2
Staves         | 1 |  1.2
Slings         | 1 |  1.2
Bows           | 1 |  1.2
Crossbows      | 1 |  1.2
Armour         | 1 |  1.2
Dodging        | 1 |  1.2
Stealth        | 1 |  1.2
Shields        | 1 |  1.2
Unarmed Combat | 1 |  1.2
Evocations     | 1 |  1.2
Hexes          | 1 |  1.0
Translocations | 1 |  1.0
Transmutations | 1 |  1.0
Fire Magic     | 1 |  1.0
Ice Magic      | 1 |  1.0
Air Magic      | 1 |  1.0
Earth Magic    | 1 |  1.0
Throwing       | |  4.7
Summonings     | |  3.9
Necromancy     | |  3.9

Action                   |  1- 3 |  4- 6 || total
-------------------------+-------+-------++-------
Melee: Short sword       |    14 |     5 ||    19
       Bite              |     2 |     3 ||     5
       Staff             |       |     5 ||     5
Throw: Boomerang         |    52 |    11 ||    63
 Cast: Magic Dart        |    21 |    41 ||    62
       Pain              |       |     1 ||     1
Invok: Renounce Religion |     1 |       ||     1
  Use: Scroll            |     3 |     1 ||     4
Armor: Robe              |     7 |     2 ||     9
Dodge: Dodged            |    15 |     5 ||    20

Table legend: (Time is in decaauts)
 A = Elapsed time spent in this place.
 B = Non-inter-level travel time spent in this place.
 C = Inter-level travel time spent in this place.
 D = Time resting spent in this place.
 E = Time spent auto-exploring this place.
 F = Levels seen in this place.
 G = Mean time per level.
                   A        B        C        D        E       F      G
               +--------+--------+--------+--------+--------+-----+--------+
         Total |   3015 |   2936 |     79 |      2 |   2636 |   3 | 1005.0 |
       Dungeon |   3015 |   2936 |     79 |      2 |   2636 |   3 | 1005.0 |
               +--------+--------+--------+--------+--------+-----+--------+

Top non-repeatable levels by time:
     D:1: 1504 daAuts
     D:2: 939 daAuts
     D:3: 572 daAuts
